 Dungeon Crawl Stone Soup version 0.25.1-2-g60ff931df9 (webtiles) character file.

Game seed: 6748403684914238553

56 Kaliet the Slasher (level 3, -1/30 HPs)
             Began as a Barachi Berserker on Nov 5, 2020.
             Was a Believer of Trog.
             Slain by a goblin
             ... wielding a +0 club
             ... led by Robin
              (3 damage)
             ... on level 2 of the Dungeon.
             The game lasted 00:06:40 (1246 turns).

Kaliet the Slasher (Barachi Berserker)              Turns: 1246, Time: 00:06:40

Health: -1/30      AC:  3    Str: 19    XL:     3   Next: 95%
Magic:  3/3        EV: 12    Int:  7    God:    Trog [**....]
Gold:   58         SH:  0    Dex: 11    Spells: 2/2 levels left

rFire    . . .     SeeInvis .   a - +0 falchion
rCold    . . .     Gourm    .   (no shield)
rNeg     . . .     Faith    .   h - +0 leather armour
rPois    .         Spirit   .   (no helmet)
rElec    .         Reflect  .   (no cloak)
rCorr    .         Harm     .   (no gloves)
MR       .....                  (no boots)
Stlth    +.........             g - amulet of regeneration
HPRegen  0.50/turn              (no ring)
MPRegen  0.08/turn              (no ring)

@: slow
A: +LOS, swims, slowness 1, strong legs 1
a: Hop, Berserk, Trog's Hand, Renounce Religion


You were on level 2 of the Dungeon.
You worshipped Trog.
Trog was pleased with you.
You were not hungry.

You visited 1 branch of the dungeon, and saw 2 of its levels.

You collected 58 gold pieces.

Inventory:

Hand Weapons
 a - a +0 falchion (weapon)
Armour
 h - a +0 leather armour (worn)
Jewellery
 g - an amulet of regeneration (around neck)
Scrolls
 b - a scroll of random uselessness {unknown}
 d - a scroll of teleportation {unknown}
 f - 3 scrolls of identify
 j - a scroll of enchant weapon {unknown}
Potions
 e - 2 potions of invisibility {unknown}
 k - a potion of curing {unknown}
Comestibles
 c - a ration
 i - 2 chunks of flesh


   Skills:
 + Level 4.3 Fighting
 + Level 4.6 Long Blades
 + Level 2.6 Armour
 + Level 2.8 Dodging


You had 2 spell levels left.
You didn't know any spells.
Your spell library was empty.

Dungeon Overview and Level Annotations

Branches:
Dungeon (2/15)

Altars:

Annotations:
D:2 Robin


Innate Abilities, Weirdness & Mutations

You can be seen from farther away. (+LOS)
You can swim through water.
You cover ground slowly.
You can hop short distances.


Message History

The stone completely misses you. The goblin hits you with a +0 club.
* * * LOW HITPOINT WARNING * * *
Robin says, "A pitiful Frog like you will never find the ORB!"
Robin throws the goblin at you!
* * * LOW HITPOINT WARNING * * *
The hobgoblin hits you but does no damage.
The goblin unwields a +0 hunting sling of flaming.
It stops flaming.
The goblin misses you. The hobgoblin closely misses you. x2
You riposte.
You hit the hobgoblin.
The hobgoblin is almost dead.
The goblin barely misses you. x2; You riposte.
You closely miss the goblin.
Robin says, "Duck!"
Robin throws the goblin at you!
You hit the goblin but do no damage. The goblin hits you but does no damage.
The goblin hits you with a +0 club.
* * * LOW HITPOINT WARNING * * *
The hobgoblin barely misses you.
You closely miss the goblin. The goblin closely misses you.
The goblin hits you with a +0 club.
You die...

#.......#......
#.......#g....
#.......# .g.
#.......# #)#
#.......###(#
#.........))#
#..........)#
#####gg.....####+
#@.g†........
#gg....#####.
##......####
#..........#
#........###
#####..†........
#............###
#.♣.♣....##.....
#.♣.♣.#### .....


You could see Robin, 2 hobgoblins and 2 goblins.

Vanquished Creatures
  An adder (D:2)
  A worm (D:2)
  3 dart slugs
  2 leopard geckos (D:1)
  2 giant cockroaches
  11 goblins
  2 hobgoblins (D:2)
  A jackal (D:1)
  3 bats
  2 frilled lizards
  3 kobolds (D:1)
  4 rats (D:1)
35 creatures vanquished.

Notes
Turn   | Place    | Note
-------+----------+-------------------------------------------
     0 | D:1      | Kaliet the Barachi Berserker began the quest for the Orb.
     0 | D:1      | Reached XP level 1. HP: 18/18 MP: 1/1
    63 | D:1      | Reached XP level 2. HP: 20/25 MP: 2/2
   628 | D:1      | Reached XP level 3. HP: 29/30 MP: 3/3
  1218 | D:2      | Noticed Robin
  1229 | D:2      | Reached ** piety under Trog
  1245 | D:2      | HP: 1/30 [goblin/+0 club[Robin] (3)]
  1246 | D:2      | Slain by a goblin

Illustrated notes

Levels and vault maps discovered:
D:1:      saegor_arrival_simple_c, layout_loops_ring, minmay_octomino_c4
D:2:      layout_basic, gammafunk_temple_overflow_statue, serial_forest,
          infiniplex_forest_straight_2, infiniplex_forest_clump_small,
          infiniplex_forest_end_2, infiniplex_forest_lined_4_way,
          infiniplex_forest_corner_1, infiniplex_forest_lined_ring, uniq_robin,
          uniq_jessica

Skill      XL: |  1  2 |
---------------+-------+-----
Fighting       | 4 |  4.3
Long Blades    | 4 |  4.6
Armour         | |  2.6
Dodging        | |  2.8

Action                   || total
-------------------------++-------
Melee: Falchion          ||    95
  Use: Scroll            ||     1
  Eat: Ration            ||     1
Armor: Animal skin       ||    10
       Leather armour    ||    19
Dodge: Dodged            ||    92
       Rpst.: Falchion   ||    33
